 Dungeon Crawl Stone Soup version 0.26-a0-651-gb41185065b (webtiles) character file.

Game seed: 1143831921792061161

2253 grandjackal the Skirmisher (level 9, -3/71 HPs)
             Began as a Demonspawn Gladiator on Sept 29, 2020.
             Slain by an orc warrior
             ... wielding a +0 trident
              (19 damage)
             ... on level 5 of the Dungeon.
             The game lasted 00:08:48 (5485 turns).

grandjackal the Skirmisher (Demonspawn Gladiator)   Turns: 5485, Time: 00:08:49

Health: -3/71      AC:  7    Str: 18    XL:     9   Next: 15%
Magic:  0/9        EV: 17    Int: 10    God:
Gold:   245        SH:  0    Dex: 20    Spells: 8/8 levels left

rFire    . . .     SeeInvis .   a - +0 long sword
rCold    . . .     Faith    .   (no shield)
rNeg     . . .     Spirit   +   v - +0 leather armour {MR+}
rPois    .         Reflect  .   c - +1 helmet
rElec    .         Harm     .   s - +0 cloak
rCorr    .         Rampage  .   f - +0 pair of gloves
MR       +....                  (no boots)
Stlth    +++++.....             k - amulet of guardian spirit
HPRegen  0.21/turn              (no ring)
MPRegen  0.11/turn              (no ring)

@: no status effects
A: hooves 1, thin skeletal structure 3, powered by death 1, spiny 2
a: no special abilities


You were on level 5 of the Dungeon.
You visited 1 branch of the dungeon, and saw 6 of its levels.
You also visited: Ossuary.

You collected 245 gold pieces.

Inventory:

Hand Weapons
 a - a +0 long sword (weapon)
 x - a +0 rapier
Missiles
 d - a throwing net (quivered)
Armour
 c - a +1 helmet (worn)
 f - a +0 pair of gloves (worn)
 s - a +0 cloak (worn)
 v - a +0 leather armour of magic resistance (worn)
Jewellery
 k - an amulet of guardian spirit (around neck)
 n - an uncursed amulet of magic regeneration {unknown}
 B - an uncursed ring of protection from cold {unknown}
Wands
 z - a wand of paralysis (10)
 C - a wand of flame (3)
Scrolls
 b - 2 scrolls of fog {unknown}
 e - 2 scrolls of enchant armour
 i - 2 scrolls of remove curse
 m - 5 scrolls of teleportation
 o - 2 scrolls of random uselessness {unknown}
 p - 3 scrolls of enchant weapon {unknown}
 u - a scroll of magic mapping {unknown}
 w - 2 scrolls of immolation {unknown}
 y - a scroll of amnesia {unknown}
 A - a scroll of identify
Potions
 g - a potion of flight
 h - 2 potions of heal wounds
 j - 3 potions of might
 l - a potion of lignification
 q - a potion of brilliance
 r - 3 potions of haste
 t - 5 potions of curing


   Skills:
 + Level 6.8 Fighting
 + Level 6.6 Long Blades
 - Level 1.7 Throwing
 + Level 6.6 Dodging
 + Level 3.9 Stealth


You had 8 spell levels left.
You didn't know any spells.
Your spell library was empty.

Dungeon Overview and Level Annotations

Branches:
Dungeon (6/15)            Ossuary (visited)
 Temple: D:4-7

Altars:

Shops:
D:4 (


Innate Abilities, Weirdness & Mutations

You have large cloven feet.
You have an unnaturally thin skeletal structure. (Dex +6, Stealth++)
You regenerate a little health from kills.
You are mostly covered in sharp spines.


Message History

You hit the orc warrior.
You kick the orc warrior, but do no damage.
The orc warrior is moderately wounded.
The orc warrior is struck by your spines.
The orc warrior hits you with a +0 trident!!
You hit the orc warrior but do no damage.
The orc warrior is heavily wounded.
The orc warrior is struck by your spines.
The orc warrior hits you with a +0 trident!!
* * * LOW HITPOINT WARNING * * *
You are too injured to fight recklessly!
Unknown command.
You are too injured to fight recklessly!
Throwing (i - inventory)
d - 2 throwing nets (quivered)
Press: ? - help, Shift-Dir - straight line, f - orc warrior
Aim: an orc warrior, wielding a +0 trident and wearing a +0 chain mail (severely wounded)
You throw a throwing net.
The throwing net closely misses the orc warrior.
The orc warrior hits you with a +0 trident!!
You die...

....######.....###.........####..
.................'.........'.....
##.#######.)..####.....>...####..
##.# #)#.## ##.......## ##. #..#
#.### ##.....## ## #.## #.##
##...## # #.# #..## #####+##### #
#.# #.#.#####.........# # #.#
##(...o@[.......#.# # #.#
#.######..##.#.#.###### #.# #.#
####..#........>... #.#
#.###..........#.###### #.#
##.##...#..#....#.# ..#
#.......#..##.#.#.# ###
#...8...#.........#
#..........##.#####
##8...8.#####.#


You could see an orc warrior.

Vanquished Creatures
  Pikel (D:4)
  Grinder (D:5)
  Sigmund (D:2)
  Eustachio (D:4)
  Menkaure (Ossuary)
  An orc warrior (D:5)
  3 ogres (D:5)
  A centaur (D:5)
  A bullfrog (D:6)
  2 scorpions
  A bullfrog zombie (D:5)
  A jelly (D:5)
  An orc wizard (D:5)
  An orc priest (D:5)
  A bullfrog skeleton (D:5)
  Jessica (D:2)
  An iguana (D:5)
  8 worker ants
  3 mummies (Ossuary)
  A howler monkey skeleton (D:5)
  8 adders
  2 white imps (D:5)
  An ooze (D:5)
  2 worms
  4 dart slugs
  4 leopard geckos
  9 orcs
  10 bats
  3 giant cockroaches
  7 goblins
  8 hobgoblins
  2 jackals (D:5)
  A ball python (D:2)
  3 frilled lizards
  A giant cockroach zombie (D:5)
  A gnoll skeleton (Ossuary)
  2 gnoll zombies (Ossuary)
  2 goblin skeletons (Ossuary)
  3 goblin zombies (Ossuary)
  2 hobgoblin zombies (Ossuary)
  A jackal skeleton (D:4)
  A jackal zombie (D:5)
  7 kobolds
  2 kobold skeletons (Ossuary)
  A kobold zombie (Ossuary)
  3 orc skeletons (Ossuary)
  2 orc zombies (Ossuary)
  8 rats
  3 rat skeletons (Ossuary)
  3 rat zombies (Ossuary)
138 creatures vanquished.

Notes
Turn   | Place    | Note
-------+----------+-------------------------------------------
     0 | D:1      | grandjackal the Demonspawn Gladiator began the quest for
                  | the Orb.
     0 | D:1      | Reached XP level 1. HP: 16/16 MP: 1/1
   154 | D:1      | Gained mutation: You regenerate a little health from kills.
                  | [demonic ancestry]
   154 | D:1      | Reached XP level 2. HP: 22/22 MP: 2/2
   765 | D:2      | Gained mutation: You have a somewhat thin skeletal
                  | structure. (Dex +2, Stealth) [demonic ancestry]
   765 | D:2      | Reached XP level 3. HP: 23/28 MP: 3/3
  1159 | D:2      | Noticed Sigmund
  1258 | D:2      | Killed Sigmund
  1258 | D:2      | Gained mutation: You are partially covered in sharp spines.
                  | [demonic ancestry]
  1258 | D:2      | Reached XP level 4. HP: 27/37 MP: 4/4
  1258 | D:2      | Gained mutation: You have a moderately thin skeletal
                  | structure. (Dex +4, Stealth+) [demonic ancestry]
  1258 | D:2      | Reached XP level 5. HP: 31/42 MP: 5/5
  1545 | D:2      | Noticed Jessica
  1548 | D:2      | Killed Jessica
  1779 | D:3      | Gained mutation: You have large cloven feet. [demonic
                  | ancestry]
  1779 | D:3      | Reached XP level 6. HP: 48/48 MP: 6/6
  2381 | D:4      | Noticed Eustachio
  2392 | D:4      | Killed Eustachio
  2440 | D:4      | Noticed Pikel
  2471 | D:4      | Killed Pikel
  2471 | D:4      | Reached skill level 5 in Fighting
  2471 | D:4      | Reached skill level 5 in Long Blades
  2471 | D:4      | Reached skill level 5 in Dodging
  2471 | D:4      | Gained mutation: You have an unnaturally thin skeletal
                  | structure. (Dex +6, Stealth++) [demonic ancestry]
  2471 | D:4      | Reached XP level 7. HP: 27/56 MP: 4/7
  2866 | D:4      | Gained mutation: You are mostly covered in sharp spines.
                  | [demonic ancestry]
  2866 | D:4      | Reached XP level 8. HP: 43/63 MP: 5/8
  3353 | D:4      | Found Gadi Xeh's Antique Weapon Shop.
  3455 | D:5      | Entered Level 5 of the Dungeon
  3487 | D:5      | Reached skill level 1 in Stealth
  3605 | D:5      | Found a sand-covered staircase.
  3616 | Ossuary  | Entered an ossuary
  3827 | Ossuary  | Noticed Menkaure
  3843 | Ossuary  | Killed Menkaure
  4878 | D:6      | Noticed Grinder
  5247 | D:5      | Reached XP level 9. HP: 51/71 MP: 5/9
  5368 | D:5      | Paralysed by Grinder for 3 turns
  5379 | D:5      | Killed Grinder
  5485 | D:5      | Slain by an orc warrior

Illustrated notes

Levels and vault maps discovered:
D:1:      lemuel_arrival_funnel, layout_loops_ring, nrook_campfire
D:2:      layout_loops_ring, uniq_sigmund, uniq_jessica
D:3:      layout_basic, minmay_misc_feat_ornament
D:4:      layout_basic, serial_shops, nicolae_shop_stone, uniq_eustachio,
          uniq_pikel
D:5:      layout_loops_corners, nicolae_ossuary_entry_monument
D:6:      layout_cave_pools, cheibriados_altar_1, serial_shops,
          nicolae_shop_competitors_out_of_business,
          nicolae_dithmenos_through_a_glass_darkly, uniq_crazy_yiuf_cottage,
          uniq_grinder

Skill      XL: |  1  2  3  4  5  6  7  8 |
---------------+-------------------------+-----
Long Blades    | 3 4 5 6 |  6.6
Dodging        | 3 4 5 6 |  6.6
Fighting       | 3 5 6 |  6.8
Stealth        | 3 |  3.9
Throwing       | |  1.7

Action                   |  1- 3 |  4- 6 |  7- 9 || total
-------------------------+-------+-------+-------++-------
Melee: Long sword        |    87 |    73 |    53 ||   213
       Kick              |       |    17 |    58 ||    75
       Rapier            |       |     7 |    97 ||   104
Throw: Throwing net      |       |     2 |     3 ||     5
  Use: Scroll            |       |     2 |     9 ||    11
 Stab: Sleeping          |     2 |    14 |    24 ||    40
       Held in net/web   |       |     2 |     2 ||     4
Armor: Leather armour    |    24 |    12 |    26 ||    62
Dodge: Dodged            |    65 |    48 |    79 ||   192
       Rpst.: Long sword |    19 |    17 |    10 ||    46

Table legend: (Time is in decaauts)
 A = Elapsed time spent in this place.
 B = Non-inter-level travel time spent in this place.
 C = Inter-level travel time spent in this place.
 D = Time resting spent in this place.
 E = Time spent auto-exploring this place.
 F = Levels seen in this place.
 G = Mean time per level.
                   A        B        C        D        E       F      G
               +--------+--------+--------+--------+--------+-----+--------+
         Total |   5524 |   5395 |    129 |   1407 |   2719 |   7 |  789.1 |
       Dungeon |   5053 |   4924 |    129 |   1147 |   2719 |   6 |  842.2 |
       Ossuary |    471 |    471 |      0 |    260 |      0 |   1 |  471.0 |
               +--------+--------+--------+--------+--------+-----+--------+

Top non-repeatable levels by time:
     D:5: 1490 daAuts
     D:4: 1325 daAuts
     D:2: 922 daAuts
     D:1: 732 daAuts
     D:3: 508 daAuts
 Ossuary: 471 daAuts
     D:6: 73 daAuts
